 Dungeon Crawl Stone Soup version 0.24.0-13-gcf9b3192b9 (webtiles) character file.

Game seed: 3096172089817227344, levelgen mode: deterministic

475 Esekla the Cutter (level 7, -10/50 (55) HPs)
             Began as a Formicid Assassin on Nov 8, 2019.
             Was a Follower of Okawaru.
             Mangled by an ogre
             ... wielding a +0 giant club
              (24 damage)
             ... on level 4 of the Dungeon.
             The game lasted 00:30:56 (5038 turns).

Esekla the Cutter (Formicid Assassin)               Turns: 5038, Time: 00:30:56

HP:   -10/50 (55)   AC:  3    Str: 17    XL:     7   Next: 32%
MP:   5/7           EV: 16    Int: 11    God:    Okawaru [*.....]
Gold: 182           SH:  0    Dex: 12    Spells: 6/6 levels left

rFire    . . .     SeeInvis +   a - +2 dagger
rCold    . . .     Gourm    .   (no shield)
rNeg     . . .     Faith    .   b - +0 robe
rPois    .         Spirit   .   (helmet unavailable)
rElec    .         Reflect  .   c - +0 cloak
rCorr    .         Harm     .   (no gloves)
MR       .....                  (no boots)
Stlth    ++++......             (no amulet)
HPRegen  0.16/turn              (no ring)
MPRegen  0.10/turn              (no ring)

@: heroism
A: permanent stasis, dig shafts and tunnels, four strong arms, antennae 3
a: Dig, Shaft Self, Heroism, Renounce Religion


You were on level 4 of the Dungeon.
You worshipped Okawaru.
Okawaru was aware of your devotion.
You were near starving.

You visited 1 branch of the dungeon, and saw 5 of its levels.

You collected 182 gold pieces.

Inventory:

Hand Weapons
 a - a +2 dagger (weapon)
 i - a +0 hand axe
 k - a cursed -3 spear
 l - a +0 falchion
 v - a +2 whip of holy wrath
Missiles
 d - 37 poisoned darts
 e - 2 curare-tipped darts
 u - 3 javelins
 x - 4 boomerangs (quivered)
Armour
 b - a +0 robe (worn)
 c - a +0 cloak (worn)
Jewellery
 p - an uncursed ring of fire
Scrolls
 g - 6 scrolls of identify
 j - 2 scrolls of teleportation {unknown}
 m - a scroll of magic mapping {unknown}
 n - a scroll of fear {unknown}
 o - 2 scrolls of random uselessness {unknown}
 q - 2 scrolls of remove curse {unknown}
 s - a scroll of blinking {unknown}
 t - a scroll of amnesia {unknown}
Potions
 h - a potion of mutation
 r - 2 potions of resistance
Comestibles
 f - 6 rations


   Skills:
 * Level 4.8(9.8) Fighting
 * Level 5.6(10.6) Short Blades
 - Level 2.0(7.0) Throwing
 + Level 2.4(7.4) Dodging
 - Level 4.8(9.8) Stealth


You had 6 spell levels left.
You didn't know any spells.
Your spell library was empty.

Dungeon Overview and Level Annotations

Branches:
Dungeon (5/15)
 Temple: D:4-7

Altars:
Okawaru

Shops:
D:4 =

Annotations:
D:5 Dowan, Duvessa, Ijyb, Prince Ribbit


Innate Abilities, Weirdness & Mutations

You cannot be hasted, slowed, berserked, paralysed or teleported.
You can dig through walls and to a lower floor.
Your four strong arms can wield two-handed weapons with a shield.
You have a pair of large antennae on your head. (SInv)


Message History

You fail to use your ability.
The ogre closely misses you.
Okay, then.
You gain the combat prowess of a mighty hero.
You hit the ogre.
The ogre is heavily wounded.
The ogre completely misses you.
You hit the ogre.
The ogre is heavily wounded.
You barely miss the ogre.
The ogre is heavily wounded.
The ogre hits you with a +0 giant club!
* * * LOW HITPOINT WARNING * * *
You hit the ogre.
The ogre is heavily wounded.
You hit the ogre but do no damage.
The ogre is heavily wounded.
You completely miss the ogre.
The ogre is heavily wounded.
The ogre hits you with a +0 giant club!!
You die...

#).......#......# ##.##
#.###.##.###.#### #.# #.#
#.##.###'## #.#
##.###.##.##...## #.#
#......##.#.....## ##.#
#..)#####........######..#####
#....####.........##.........#
.................O'.......##.#
#...............@.##.#...###.#
#.#.######.......###.#...# #.#
#.### ##.....## #.#.### #.#
#.# ##...## #.#.# #.# #.#
##'## #.#.#####.# ..# #.#
#.........# .## #.#
###.####### .# ##########.##
#.# .###......##...## #.#


You could see an ogre.

Vanquished Creatures
  A necrophage (D:2)
  A phantom (D:4)
  A scorpion (D:4)
  A howler monkey (D:4)
  A centaur skeleton (D:4)
  A hound (D:4)
  2 worker ants (D:4)
  2 adders
  A shadow imp (D:4)
  An ooze (D:4)
  An adder skeleton (D:4)
  A worm (D:2)
  2 dart slugs (D:1)
  4 leopard geckos
  8 orcs
  3 ball pythons (D:1)
  7 bats
  4 goblins (D:1)
  4 hobgoblins
  6 jackals (D:4)
  10 kobolds
  6 frilled lizards
  7 rats
75 creatures vanquished.

Notes
Turn   | Place    | Note
-------+----------+-------------------------------------------
     0 | D:1      | Esekla the Formicid Assassin began the quest for the Orb.
     0 | D:1      | Reached XP level 1. HP: 16/16 MP: 1/1
    34 | D:1      | Found an iron altar of Okawaru.
    71 | D:1      | Reached XP level 2. HP: 17/23 MP: 2/2
    79 | D:1      | Became a worshipper of Warmaster Okawaru
   290 | D:1      | Reached skill level 1 in Dodging
   333 | D:1      | Reached XP level 3. HP: 24/28 MP: 3/3
   873 | D:2      | Reached skill level 3 in Short Blades
  1094 | D:3      | Reached XP level 4. HP: 35/35 MP: 4/4
  1115 | D:3      | Noticed a centaur
  1421 | D:2      | Noticed a necrophage
  1513 | D:2      | Killed a necrophage
  1513 | D:2      | Reached skill level 4 in Short Blades
  1513 | D:2      | Reached XP level 5. HP: 11/37 MP: 5/5
  2491 | D:4      | Found Dic Agil's Jewellery Boutique.
  2713 | D:4      | Reached XP level 6. HP: 43/43 MP: 6/6
  2795 | D:4      | Reached * piety under Okawaru
  3396 | D:4      | Noticed a phantom
  3610 | D:4      | Reached skill level 5 in Short Blades
  4082 | D:4      | Reached XP level 7. HP: 10/50 MP: 7/7
  4627 | D:5      | Entered Level 5 of the Dungeon
  4683 | D:5      | Noticed Prince Ribbit
  4698 | D:5      | Noticed Duvessa
  4703 | D:5      | Noticed Dowan
  4703 | D:5      | Noticed Ijyb
  5038 | D:4      | Mangled by an ogre

Levels and vault maps discovered:
D:1:      scummos_arrival_hexagon, layout_loops_ring, okawaru_ov_weapons_minmay
D:2:      layout_basic, first_ration, minmay_octomino_e4
D:3:      layout_loops_ring, chequers_serial_rivers_small_a
D:4:      layout_loops_corners, serial_shops, kennysheep_little_box,
          minmay_cut_off
D:5:      layout_rooms, overflow_temple_1_default,
          minmay_temple_entry_sparse_star, uniq_ijyb, uniq_prince_ribbit1,
          uniq_duvessa

Skill      XL: |  1  2  3  4  5  6 |
---------------+-------------------+-----
Dodging        | 1 2 |  2.4
Fighting       | 3 4 |  4.8
Short Blades   | 3 4 5 |  5.6
Throwing       | |  2.0
Stealth        | |  4.8

Action                   |  1- 3 |  4- 6 |  7- 9 || total
-------------------------+-------+-------+-------++-------
Melee: Dagger            |    87 |   220 |    39 ||   346
Throw: Dart              |     2 |    17 |     5 ||    24
       Boomerang         |       |       |    23 ||    23
Invok: Heroism           |       |       |     1 ||     1
  Use: Scroll            |       |     4 |       ||     4
       Potion            |       |     4 |       ||     4
 Stab: Sleeping          |     6 |     6 |     1 ||    13
  Eat: Chunk             |     1 |     5 |     2 ||     8
       Ration            |       |     1 |       ||     1
Armor: Robe              |    15 |    30 |     2 ||    47
Dodge: Dodged            |    48 |   122 |    23 ||   193
